 Dungeon Crawl Stone Soup version 0.17.0-18-gaab0e96 (webtiles) character file.

180955 4thArraOfDagon the Black Belt (level 17, -12/93 HPs)
             Began as a Vine Stalker Monk on Nov 11, 2015.
             Was the Champion of Cheibriados.
             Mangled by the royal jelly (19 damage)
             ... on level 6 of the Pits of Slime.
             The game lasted 01:27:12 (10107 turns).

4thArraOfDagon the Black Belt (Vine Stalker Monk)  Turns: 10107, Time: 01:27:12

Health: -12/93     AC: 11    Str: 37 (38) XL:     17   Next: 59%
Magic:  0/17       EV: 28    Int: 24 (25) God:    Cheibriados [******]
Gold:   832        SH:  0    Dex: 43 (44) Spells: 5 memorised, 12 levels left

rFire  + . .     SeeInvis .       - Unarmed
rCold  + + .     Clarity  .     y - +4 chain mail of the Evening {MP-9 Str+3 Dex+3 Slay+3}
rNeg   + . .     SustAt   .     (no shield)
rPois  +         Gourm    .     s - +1 helmet
rElec  +         Spirit   +     m - +2 cloak {MR+}
rCorr  +         Warding  +     (no gloves)
rMut   .         Stasis   .     (no boots)
MR     ++++.                    M - amulet of Contention {Ward rPois rN+ MR+}
Stlth  +++++.....               B - ring of protection from cold
                                V - +5 ring of protection

@: mighty, agile, resistant, corroded equipment, regenerating, very slow,
incredibly resistant to hostile enchantments, quite stealthy
A: fangs 3, rugged brown scales 1, deterioration 1, regeneration 3, weak 1,
magic shield, antimagic bite, no device heal 3, rot immunity, subdued magic 1
a: Bend Time, Temporal Distortion, Slouch, Step From Time, Renounce Religion
}: 2/15 runes: barnacled, gossamer


You were on level 6 of the Pits of Slime.
You worshipped Cheibriados.
Cheibriados was exalted by your worship.
You were full.

You visited 8 branches of the dungeon, and saw 38 of its levels.
You also visited: Bailey.

You collected 1938 gold pieces.
You spent 1106 gold pieces at shops.

Inventory:

Hand Weapons
 n - a +0 flail of protection
 U - a cursed -1 blowgun
Missiles
 h - 7 needles of sleeping
 w - 5 throwing nets (quivered)
Armour
 m - a +2 cloak of magic resistance (worn)
 s - a +1 helmet (worn)
 y - the +4 chain mail of the Evening (worn) {MP-9 Str+3 Dex+3 Slay+3}
   (You found it on level 7 of the Dungeon)

   It affects your strength (+3).
   It affects your dexterity (+3).
   It affects your accuracy and damage with ranged weapons and melee attacks
   (+3).
   It affects your magic capacity (-9).
Magical Staves
 R - an uncursed staff of energy
Jewellery
 z - an uncursed ring of sustain attributes
 B - a ring of protection from cold (right hand)
 H - an uncursed amulet of regeneration
 K - the ring of Mistrust {Wiz rPois Stlth+}
   (You bought it in a shop on level 2 of the Orcish Mines)

   [ring of wizardry]

   It improves your spell success rate.
   It protects you from poison.
   It makes you more stealthy.
 M - the amulet of Contention (around neck) {Ward rPois rN+ MR+}
   (You found it on level 1 of the Spider Nest)

   [amulet of warding]

   It may prevent the melee attacks of summoned creatures.
   It protects you from poison.
   It protects you from negative energy.
   It affects your resistance to hostile enchantments.
 V - a +5 ring of protection (left hand)
Wands
 d - a wand of slowing (17)
 u - a wand of polymorph (0)
 v - a wand of polymorph (7)
 A - a wand of cold (5)
 E - a wand of disintegration (17)
 L - a wand of lightning (3)
 W - a wand of confusion (10)
 Y - a wand of fire (0)
Scrolls
 o - 2 scrolls of identify
 p - 14 scrolls of remove curse
 x - 3 scrolls of enchant armour
 F - a scroll of silence
 I - a scroll of noise
 J - 4 scrolls of fear
 N - a scroll of recharging
 X - a scroll of teleportation
 Z - a scroll of magic mapping
Potions
 c - a potion of cure mutation
 e - 9 potions of curing
 g - 3 potions of agility
 i - 5 potions of haste
 j - 2 potions of magic
 q - 5 potions of ambrosia
 P - a potion of might
 Q - a potion of lignification
Miscellaneous
 l - a legendary deck of wonders {Wild Magic}
 r - a plain deck of summoning {drawn: 1}
 D - a lamp of fire
 O - a plain deck of summoning
 S - a box of beasts {used: 3}
Comestibles
 a - 7 meat rations
 b - 7 bread rations
 T - 7 royal jellies


   Skills:
 + Level 11.5 Fighting
 + Level 10.8 Dodging
 - Level 13.1 Stealth
 * Level 16.5 Unarmed Combat
 - Level 4.4 Spellcasting
 - Level 6.9 Charms
 - Level 6.9 Necromancy
 - Level 7.7 Translocations
 - Level 11.1 Invocations
 - Level 4.3 Evocations


You had 12 spell levels left.
You knew the following spells:

 Your Spells              Type           Power        Failure   Level  Hunger
a - Apportation           Tloc           ####......   1%          1    None
b - Regeneration          Chrm/Necr      ####......   4%          3    ##.....
c - Shroud of Golubria    Chrm/Tloc      ####......   1%          2    None
d - Passage of Golubria   Tloc           N/A          11%         4    ####...
e - Stoneskin             Trmt/Erth      #.......     50%         2    None


Dungeon Overview and Level Annotations

Branches:
Dungeon (10/15)            Temple (1/1) D:4            Lair (8/8) D:9
 Shoals (4/4) Lair:5       Spider (4/4) Lair:3        Slime (6/6) Lair:8
    Orc (4/4) D:10            Elf (1/3) Orc:4

Altars:
Cheibriados
Dithmenos
Elyvilon
Fedhas
Makhleb
Qazlal
Sif Muna
Trog
Vehumet
Xom
Zin
The Shining One
Beogh
Jiyva

Shops:
Orc:2 *==(*

Annotations:
D:4 dysrexia's ghost, novice HuMo
D:9 1 runed door
Lair:5 SHOALS
Lair:8 SLIME
Spider:2 Frances
Slime:6 Royal Jelly


Innate Abilities, Weirdness & Mutations

You have razor-sharp teeth.
You regenerate.
When hurt, damage is shared between your health and your magic reserves.
Your bite disrupts and absorbs the magic of your enemies.
Potions and wands cannot restore your health.
You are immune to rotting.
You are partially covered in rugged brown scales (AC +1, +3% HP).
Your body sometimes deteriorates upon taking damage.
You are weak. (Str -2)
Your spells are a little easier to cast, but a little less powerful.


Message History

You bite the royal jelly!! You drain its power.
You feel invigorated.
The royal jelly is almost dead.
The royal jelly misses you. The royal jelly hits you!!
* * * LOW HITPOINT WARNING * * *
You are splashed with acid!
The acid burns!
You resist.
* * * LOW HITPOINT WARNING * * *
4thArraOfDagon's illusion's shroud bends its attack away!!
Something misses 4thArraOfDagon's illusion.
The acid blob closely misses you. 4thArraOfDagon's illusion completely misses the acid blob.
The acid blob hits 4thArraOfDagon's illusion!! 4thArraOfDagon's illusion is splashed with acid.
Unknown command.
Unknown command.
Okay, then.
You punch the royal jelly!
Your hands burn!
You bite the royal jelly! You drain its power.
You feel invigorated.
The royal jelly is almost dead.
The royal jelly hits you!!!
You die...

.................
.................
.................
....J............
...##.JJJ#..... ###J##
##........... #JJ#
.....J.... ##J#
......... #J@# ........
#@## ##....... #J.#
#........ ##.# #.......
####..#########.......
#........#...#........
#...#.._.#...#..........
### ##..#########.......
##.# #.......


You could see the royal jelly, 3 acid blobs, 2 azure jellies, 2 death oozes and
the friendly 4thArraOfDagon's illusion.

Vanquished Creatures
  8 acid blobs
  Polyphemus (Shoals:3)
  Agnes (Spider:3)
  An azure jelly (Slime:6)
  Ilsuiw (Shoals:4)
  9 emperor scorpions
  3 merfolk javelineers (Shoals:4)
  8 merfolk impalers (Shoals:4)
  Josephine (Orc:3)
  A great orb of eyes (Slime:3)
  3 entropy weavers
  Harold (Orc:1)
  7 hydras
  A merfolk avatar (Shoals:3)
  4 alligator snapping turtles (Shoals:4)
  4 merfolk aquamancers (Shoals:4)
  A catoblepas (Lair:3)
  2 satyrs (Shoals:4)
  10 death yaks
  4 sea snakes
  5 harpies (Shoals:4)
  An orc knight (Bailey)
  11 orb spiders
  3 hornets
  4 manticores
  A cyclops (Shoals:4)
  21 wolf spiders
  3 shining eyes
  6 griffons
  61 slime creatures
  2 water nymphs (Shoals:4)
  3 fauns (Shoals:4)
  3 elephants (Lair:8)
  8 sirens
  7 spiny frogs
  5 black mambas
  3 eyes of devastation
  A torpor snail (Spider:2)
  9 demonic crawlers
  6 komodo dragons
  19 jumping spiders
  3 fire drakes
  A raiju (Lair:8)
  18 merfolk
  9 polar bears
  Grinder (D:3)
  6 snapping turtles
  16 blink frogs
  2 wind drakes
  A two-headed ogre (D:8)
  10 trapdoor spiders
  35 redbacks
  3 wraiths (Orc:4)
  8 yaks
  A spriggan (Lair:7)
  19 tarantellas
  3 water elementals
  2 basilisks
  3 hippogriffs
  7 wargs (Lair:8)
  A golden eye (Slime:4)
  4 hell hounds (Lair:8)
  2 swamp worms (Spider:1)
  13 water moccasins
  8 porcupines
  20 wolves
  A sky beast (D:7)
  Duvessa (D:6)
  10 spiders
  4 orc warriors
  3 wasps (Spider:4)
  3 eyes of draining
  13 black bears
  2 centaurs
  5 ogres
  9 crocodiles
  3 big kobolds
  11 giant frogs
  A wyvern zombie (D:10)
  Dowan (D:6)
  A scorpion (D:6)
  2 electric eels
  12 jellies
  5 crimson imps
  A quasit (D:5)
  A centaur skeleton (D:8)
  13 hounds
  8 orc priests
  2 iguanas
  A giant frog skeleton (D:9)
  12 orc wizards
  3 worker ants
  23 sheep
  An adder (D:2)
  11 gnolls (D:4)
  35 river rats
  A giant eyeball (D:9)
  An ooze (Lair:8)
  2 adder zombies
  3 worms
  2 giant geckos
  73 orcs
  4 ball pythons
  5 giant cockroaches
  25 goblins
  23 hobgoblins
  11 jackals
  17 kobolds
  4 bats
  3 giant newts
  2 quokkas
  8 rats
  A fungus (D:9)
  6 plants
838 creatures vanquished.

Vanquished Creatures (collateral kills)
  An orb spider (Spider:3)
  A demonic crawler (Spider:3)
  A jelly (Slime:6)
3 creatures vanquished.

Vanquished Creatures (others)
  A death yak (Lair:8)
  A jumping spider (Spider:4)
  5 river rats (Lair:8)
  A hobgoblin (D:4)
  2 fungi
  14 plants
24 creatures vanquished.

Grand Total: 865 creatures vanquished

Notes
Turn   | Place    | Note
--------------------------------------------------------------
     0 | D:1      | 4thArraOfDagon the Vine Stalker Monk began the quest for the Orb.
     0 | D:1      | Reached XP level 1. HP: 11/11 MP: 2/2
    96 | D:1      | Reached XP level 2. HP: 14/16 MP: 3/3
   184 | D:3      | Noticed Grinder
   395 | D:2      | Reached XP level 3. HP: 13/20 MP: 2/4
   717 | D:4      | Noticed dysrexia's ghost (novice HuMo)
   790 | D:4      | Found a staircase to the Ecumenical Temple.
   795 | Temple   | Entered the Ecumenical Temple
   802 | Temple   | Became a worshipper of Cheibriados the Contemplative
   802 | Temple   | Reached * piety under Cheibriados
   802 | Temple   | Reached ** piety under Cheibriados
   984 | D:3      | Reached XP level 4. HP: 20/24 MP: 5/5
   998 | D:3      | Paralysed by Grinder for 5 turns
  1018 | D:3      | Killed Grinder
  1018 | D:3      | Reached skill level 5 in Unarmed Combat
  1018 | D:3      | Reached skill level 1 in Invocations
  1018 | D:3      | Reached XP level 5. HP: 7/28 MP: 1/7
  1018 | D:3      | Gained mutation: You heal very quickly. [Vine Stalker growth]
  1018 | D:3      | Reached XP level 6. HP: 8/32 MP: 1/8
  1318 | D:5      | Entered Level 5 of the Dungeon
  1394 | D:5      | Reached *** piety under Cheibriados
  1508 | D:5      | Reached XP level 7. HP: 31/37 MP: 7/9
  1541 | D:5      | Reached skill level 6 in Unarmed Combat
  1559 | D:5      | Found a white marble altar of Elyvilon.
  1560 | D:5      | Found a bloodstained altar of Trog.
  1560 | D:5      | Found a shimmering altar of Xom.
  1562 | D:5      | Found a shadowy altar of Dithmenos.
  1567 | D:5      | Found a blossoming altar of Fedhas.
  1567 | D:5      | Found a glowing golden altar of the Shining One.
  1568 | D:5      | Found a burning altar of Makhleb.
  1599 | D:6      | Noticed Duvessa
  1599 | D:6      | Noticed Dowan
  1624 | D:6      | Killed Duvessa
  1630 | D:6      | Killed Dowan
  1630 | D:6      | Reached skill level 5 in Stealth
  1914 | D:4      | Reached **** piety under Cheibriados
  1927 | D:4      | Noticed a big kobold
  1934 | D:4      | Noticed a big kobold
  1940 | D:4      | Killed a big kobold
  1940 | D:4      | Gained mutation: You have razor-sharp teeth. [Vine Stalker growth]
  1940 | D:4      | Reached XP level 8. HP: 39/42 MP: 11/11
  1946 | D:4      | Killed a big kobold
  2171 | D:5      | Reached ***** piety under Cheibriados
  2360 | D:7      | Reached skill level 7 in Unarmed Combat
  2406 | D:7      | Reached skill level 1 in Evocations
  2418 | D:7      | Got a spiked chain mail
  2429 | D:7      | Identified the +4 chain mail of the Evening {MP-9 Str+3 Dex+3 Slay+3} (You found it on level 7 of the Dungeon)
  2544 | D:8      | Found a flagged portal.
  2550 | Bailey   | Entered a bailey
  2613 | Bailey   | Noticed an orc knight
  2621 | Bailey   | Killed an orc knight
  2621 | Bailey   | Reached skill level 5 in Fighting
  2621 | Bailey   | Reached XP level 9. HP: 45/47 MP: 2/13
  2649 | Bailey   | Reached skill level 8 in Unarmed Combat
  2655 | Bailey   | Found an iron altar of Okawaru.
  2672 | Bailey   | Gained mutation: Your body sometimes deteriorates upon taking damage. [potion of mutation]
  2672 | Bailey   | Gained mutation: You are weak. (Str -2) [potion of mutation]
  2672 | Bailey   | Gained mutation: You are partially covered in rugged brown scales (AC +1, +3% HP). [potion of mutation]
  2673 | Bailey   | Lost mutation: You are weak. (Str -2) [potion of mutation]
  2673 | Bailey   | Gained mutation: Your spells are a little easier to cast, but a little less powerful. [potion of mutation]
  2673 | Bailey   | Gained mutation: You are weak. (Str -2) [potion of mutation]
  2743 | D:8      | Noticed a two-headed ogre
  2747 | D:8      | Killed a two-headed ogre
  2837 | D:9      | Found a staircase to the Lair.
  2884 | D:9      | Paralysed by a giant eyeball for 3 turns
  2914 | D:9      | Found a runed door.
  2958 | D:10     | Entered Level 10 of the Dungeon
  2992 | D:10     | Found a staircase to the Orcish Mines.
  3041 | Orc:1    | Entered Level 1 of the Orcish Mines
  3041 | Orc:1    | Found a roughly hewn altar of Beogh.
  3042 | Orc:1    | Noticed Harold
  3051 | Orc:1    | Reached skill level 5 in Dodging
  3069 | Orc:1    | Killed Harold
  3069 | Orc:1    | Reached skill level 9 in Unarmed Combat
  3069 | Orc:1    | Reached skill level 5 in Invocations
  3069 | Orc:1    | Reached XP level 10. HP: 7/54 MP: 5/14
  3222 | Orc:2    | Found a deep blue altar of Sif Muna.
  3280 | Orc:2    | Found Cier's Jewellery Emporium.
  3286 | Orc:2    | Reached ****** piety under Cheibriados
  3292 | Orc:2    | Found Siotunn's Jewellery Shop.
  3303 | Orc:2    | Bought an uncursed amulet of regeneration for 360 gold pieces
  3372 | Orc:2    | Found Izew Jud's Antique Weapon Shoppe.
  3396 | Orc:2    | Found Xuochi's General Store.
  3404 | Orc:2    | Bought a scroll of identify for 30 gold pieces
  3404 | Orc:2    | Bought a scroll of identify for 30 gold pieces
  3431 | Orc:2    | umm
  3567 | Orc:1    | Learned a level 1 spell: Apportation
  3736 | Orc:4    | Entered Level 4 of the Orcish Mines
  3736 | Orc:4    | Noticed Josephine
  3744 | Orc:3    | Killed Josephine
  3973 | Orc:4    | Found a staircase to the Elven Halls.
  4020 | Orc:4    | Noticed an orc sorcerer
  4047 | Orc:4    | 2 hard
  4058 | Elf:1    | Entered Level 1 of the Elven Halls
  4123 | Orc:3    | Found a roughly hewn altar of Beogh.
  4165 | Orc:2    | Found Ymu Edutz's Assorted Antiques.
  4181 | Orc:2    | Bought a smoky yellow potion for 18 gold pieces
  4181 | Orc:2    | Bought a scroll labeled OXUUSM BATHOU for 21 gold pieces
  4181 | Orc:2    | Bought a smoky orange potion for 18 gold pieces
  4181 | Orc:2    | Bought 2 scrolls labeled XIEVEI MERAWI for 42 gold pieces
  4181 | Orc:2    | Bought a scroll labeled TAXTOPE XOANK for 21 gold pieces
  4181 | Orc:2    | Bought a scroll of identify for 42 gold pieces
  4181 | Orc:2    | Bought an encrusted ivory wand for 84 gold pieces
  4232 | Orc:2    | Bought the ring of Mistrust {Wiz rPois Stlth+} for 440 gold pieces
  4289 | Lair:1   | Entered Level 1 of the Lair of Beasts
  4350 | Lair:1   | Reached skill level 10 in Unarmed Combat
  4350 | Lair:1   | Reached XP level 11. HP: 50/59 MP: 5/16
  4420 | Lair:2   | Reached skill level 1 in Translocations
  4459 | Lair:3   | Reached skill level 1 in Spellcasting
  4488 | Lair:3   | Noticed a catoblepas
  4499 | Lair:3   | Killed a catoblepas
  4727 | Lair:5   | Noticed a five-headed hydra
  4731 | Lair:5   | Killed a five-headed hydra
  4875 | Lair:7   | You fall through a shaft!
  4875 | Lair:8   | Entered Level 8 of the Lair of Beasts
  4897 | Lair:8   | Killed a death yak
  4923 | Lair:8   | Gained mutation: You regenerate. [Vine Stalker growth]
  4923 | Lair:8   | Reached XP level 12. HP: 60/64 MP: 9/18
  4963 | Lair:8   | Noticed a four-headed hydra
  4967 | Lair:8   | Killed a four-headed hydra
  4967 | Lair:8   | Reached skill level 11 in Unarmed Combat
  5010 | Lair:7   | Reached skill level 10 in Stealth
  5077 | Lair:8   | Noticed a death yak
  5082 | Lair:8   | Killed a death yak
  5084 | Lair:8   | Noticed a six-headed hydra
  5084 | Lair:8   | Noticed a death yak
  5095 | Lair:8   | Killed a six-headed hydra
  5103 | Lair:8   | Killed a death yak
  5116 | Lair:8   | Noticed an eight-headed hydra
  5126 | Lair:8   | Killed an eight-headed hydra
  5354 | Lair:8   | Reached skill level 12 in Unarmed Combat
  5423 | Lair:8   | Reached XP level 13. HP: 65/70 MP: 11/20
  5625 | Lair:8   | Noticed a death yak
  5626 | Lair:8   | Found a staircase to the Slime Pits.
  5627 | Lair:8   | Noticed a death yak
  5644 | Lair:8   | Killed a death yak
  5646 | Lair:8   | Noticed a death yak
  5651 | Lair:8   | Killed a death yak
  5658 | Lair:8   | Killed a death yak
  5659 | Lair:8   | Noticed a death yak
  5668 | Lair:8   | Killed a death yak
  5703 | Lair:7   | Noticed a seven-headed hydra
  5708 | Lair:7   | Killed a seven-headed hydra
  5801 | Lair:7   | Reached skill level 13 in Unarmed Combat
  6022 | Lair:5   | Learned a level 3 spell: Regeneration
  6144 | Lair:3   | Learned a level 2 spell: Shroud of Golubria
  6202 | Lair:3   | Found a hole to the Spider Nest.
  6223 | Spider:1 | Entered Level 1 of the Spider Nest
  6231 | Spider:1 | Reached skill level 1 in Necromancy
  6300 | Spider:1 | Reached skill level 1 in Charms
  6302 | Spider:1 | Reached XP level 14. HP: 68/76 MP: 6/21
  6311 | Spider:1 | Got a pitted jade amulet
  6313 | Spider:1 | Identified the amulet of Contention {Ward rPois rN+ MR+} (You found it on level 1 of the Spider Nest)
  6350 | Spider:1 | Noticed an emperor scorpion
  6370 | Spider:1 | Killed an emperor scorpion
  6464 | Spider:2 | Noticed Frances
  6683 | Spider:3 | Noticed an emperor scorpion
  6700 | Spider:2 | Killed an emperor scorpion
  6749 | Spider:3 | Noticed Agnes
  6755 | Spider:3 | Killed Agnes
  6755 | Spider:3 | Reached skill level 14 in Unarmed Combat
  6757 | Spider:3 | Noticed an emperor scorpion
  6767 | Spider:3 | Reached skill level 5 in Necromancy
  6777 | Spider:3 | HP: 2/77 [poisoned by an emperor scorpion]
  6779 | Spider:3 | Reached skill level 5 in Charms
  6856 | Spider:3 | Killed an emperor scorpion
  6856 | Spider:3 | Reached XP level 15. HP: 53/81 MP: 14/23
  6900 | Spider:4 | Entered Level 4 of the Spider Nest
  7153 | Spider:4 | Reached skill level 10 in Invocations
  7410 | Spider:4 | Got a gossamer rune of Zot
  7556 | Lair:3   | Learned a level 4 spell: Passage of Golubria
  7625 | Lair:5   | Found a staircase to the Shoals.
  7637 | Shoals:1 | Entered Level 1 of the Shoals
  7776 | Shoals:3 | Noticed Polyphemus
  7823 | Shoals:2 | Reached skill level 5 in Translocations
  7877 | Shoals:2 | Reached skill level 10 in Fighting
  8000 | Shoals:3 | Killed Polyphemus
  8068 | Shoals:4 | Entered Level 4 of the Shoals
  8164 | Shoals:4 | Reached XP level 16. HP: 62/87 MP: 15/24
  8686 | Shoals:4 | Reached skill level 15 in Unarmed Combat
  8782 | Shoals:4 | Noticed Ilsuiw
  8799 | Shoals:4 | Killed Ilsuiw
  8954 | Shoals:4 | Got a barnacled rune of Zot
  9041 | Shoals:1 | Reached skill level 10 in Dodging
  9098 | Lair:6   | Learned a level 2 spell: Stoneskin
  9130 | Lair:5   | Noticed a six-headed hydra
  9136 | Lair:5   | Killed a six-headed hydra
  9260 | Slime:1  | Entered Level 1 of the Pits of Slime
  9260 | Slime:1  | Noticed an acid blob
  9270 | Slime:1  | Killed an acid blob
  9339 | Slime:2  | Reached XP level 17. HP: 72/93 MP: 17/26
  9355 | Slime:3  | Gained mutation: Your flesh is cold resistant. [a shining eye]
  9358 | Slime:3  | Lost mutation: Your flesh is cold resistant. [a shining eye]
  9366 | Slime:2  | ahhh
  9558 | Slime:5  | Reached skill level 16 in Unarmed Combat
  9684 | Slime:6  | Entered Level 6 of the Pits of Slime
  9759 | Slime:6  | this is bad
 10060 | Slime:6  | Found a viscous altar of Jiyva.
 10071 | Slime:6  | Noticed the royal jelly
 10107 | Slime:6  | Mangled by the royal jelly

Action                   |  1- 3 |  4- 6 |  7- 9 | 10-12 | 13-15 | 16-18 || total
-------------------------+-------+-------+-------+-------+-------+-------++-------
Melee: Unarmed           |   102 |    72 |   243 |   426 |   762 |   552 ||  2157
Throw: Tomahawk          |       |       |    15 |       |       |       ||    15
       Javelin           |       |       |     4 |     1 |       |       ||     5
       Throwing net      |       |       |     2 |       |     2 |     1 ||     5
 Cast: Apportation       |       |       |       |       |    24 |    14 ||    38
       Regeneration      |       |       |       |       |    22 |    94 ||   116
       Passage of Golubr |       |       |       |       |     1 |    10 ||    11
       Shroud of Golubri |       |       |       |       |     1 |       ||     1
Invok: Bend Time         |       |     1 |       |       |       |       ||     1
       Slouch            |       |       |       |       |    11 |     7 ||    18
       Temporal Distorti |       |       |       |       |     1 |     4 ||     5
Evoke: Wand              |       |       |     3 |     1 |    12 |       ||    16
       Box of beasts     |       |       |       |       |     1 |     2 ||     3
       Lamp of fire      |       |       |       |       |     1 |       ||     1
       Deck              |       |       |       |       |       |     1 ||     1
  Use: Scroll            |     1 |       |     7 |     7 |    21 |     4 ||    40
       Potion            |       |       |     3 |     2 |     5 |     7 ||    17
 Stab: Sleeping          |     3 |       |     4 |    11 |    15 |     4 ||    37
       Distracted        |       |     1 |     1 |     1 |     9 |     1 ||    13
       Held in net/web   |       |       |     3 |       |     4 |     3 ||    10
  Eat: Chunk             |       |     1 |     3 |     5 |     5 |     3 ||    17
       Pizza             |       |       |       |     1 |       |       ||     1
       Fruit             |       |       |       |       |     4 |       ||     4
       Beef jerky        |       |       |       |       |     3 |     2 ||     5
       Royal jelly       |       |       |       |       |       |     6 ||     6
